 Dungeon Crawl Stone Soup version 0.23.0 (webtiles) character file.

Game seed: 17422383540610110410

50 Lanoc the Skirmisher (level 3, 0/29 HPs)
             Began as a Demonspawn Monk on Feb 11, 2019.
             Slain by Robin
             ... wielding a +3 mace of protection
              (7 damage)
             ... on level 2 of the Dungeon.
             The game lasted 00:02:50 (889 turns).

Lanoc the Skirmisher (Demonspawn Monk)               Turns: 889, Time: 00:02:50

Health: 0/29       AC:  6    Str: 12    XL:     3   Next: 55%
Magic:  3/3        EV: 12    Int: 11    God:
Gold:   33         SH:  0    Dex: 15    Spells: 2/2 levels left

rFire    + . .     SeeInvis .   a - +0 falchion
rCold    . . .     Gourm    .   (no shield)
rNeg     . . .     Faith    .   f - +1 ring mail {rF+}
rPois    .         Spirit   .   (helmet restricted)
rElec    .         Reflect  .   (no cloak)
rCorr    .         Harm     .   (no gloves)
MR       .....                  (no boots)
Stlth    +.........             (no amulet)
HPRegen  0.09/turn              (no ring)
MPRegen  0.08/turn              (no ring)

@: very slightly contaminated
A: antennae 1, demonic guardian 1
a: no special abilities


You were on level 2 of the Dungeon.
You were not hungry.

You visited 1 branch of the dungeon, and saw 2 of its levels.

You collected 33 gold pieces.

Inventory:

Hand Weapons
 a - a +0 falchion (weapon)
Armour
 f - a +1 ring mail of fire resistance (worn)
Scrolls
 b - 2 scrolls of remove curse {unknown}
 d - a scroll of random uselessness {unknown}
 e - a scroll of fear {unknown}
 g - a scroll of amnesia {unknown}
 i - 2 scrolls of identify {unknown}
 j - a scroll of magic mapping {unknown}
 k - a scroll of blinking {unknown}
Comestibles
 c - 2 rations


   Skills:
 + Level 3.5 Fighting
 * Level 2.8 Long Blades
 + Level 1.3 Armour
 + Level 3.2 Dodging
 - Level 1.7 Stealth


You had 2 spell levels left.
You didn't know any spells.
Your spell library was empty.

Dungeon Overview and Level Annotations

Branches:
Dungeon (2/15)

Altars:

Annotations:
D:2 Robin


Innate Abilities, Weirdness & Mutations

You have a pair of small antennae on your head.
A weak demonic guardian rushes to your aid.


Message History

The goblin hits you but does no damage. Robin barely misses you.
You hit Robin but do no damage.
Robin is severely wounded.
The goblin hits you but does no damage. Robin misses you.
You riposte.
You hit Robin but do no damage.
Robin is severely wounded.
You hit Robin.
Robin is severely wounded.
The goblin misses you.
Robin hits you with a +3 mace of protection.
* * * LOW HITPOINT WARNING * * *
You hit Robin.
Robin is severely wounded.
The goblin misses you. Robin completely misses you.
You riposte.
You hit Robin.
Robin is almost dead.
You hit Robin but do no damage.
Robin is almost dead.
The goblin hits you but does no damage.
Robin hits you with a +3 mace of protection!
You die...

..#..# #.##...(.
##..##..##.#..#... #...#
....#...... #.#.# #.....#...
##.#.# #.[.......
#..#.#####...[.#..#
##.#........g..##
#..#.....###g#.# .# #
##.##......##@#.# .#.#### #
##..##......##g#.##.#.... #
#..####.###....#.......##.
###.## #..####.....#.#.....
....# ##.# ##...........#
.#### #.####............#
...# #..(...........# .
##.#### ###...>........###..
##....######.###.............


You could see Robin, a hobgoblin and a goblin.

Vanquished Creatures
  A dart slug (D:1)
  2 giant cockroaches
  11 goblins
  6 hobgoblins
  8 jackals (D:1)
  3 kobolds (D:1)
  4 bats
  4 rats
39 creatures vanquished.

Notes
Turn   | Place    | Note
-------+----------+-------------------------------------------
     0 | D:1      | Lanoc the Demonspawn Monk began the quest for the Orb.
     0 | D:1      | Reached XP level 1. HP: 18/18 MP: 1/1
   188 | D:1      | Gained mutation: A weak demonic guardian rushes to your
                  | aid. [demonic ancestry]
   188 | D:1      | Reached XP level 2. HP: 18/24 MP: 2/2
   305 | D:1      | Reached skill level 1 in Armour
   548 | D:1      | Gained mutation: You have a pair of small antennae on your
                  | head. [demonic ancestry]
   548 | D:1      | Reached XP level 3. HP: 29/29 MP: 3/3
   844 | D:2      | Noticed Robin
   889 | D:2      | Slain by Robin

Skill      XL: |  1  2 |
---------------+-------+-----
Dodging        | 3 |  3.2
Armour         | 1 |  1.3
Fighting       | |  3.5
Long Blades    | |  2.8
Stealth        | |  1.7

Action                   || total
-------------------------++-------
Melee: Falchion          ||   118
  Use: Potion            ||     1
 Stab: Invisible         ||     9
Armor: Robe              ||    12
       Ring mail         ||    36
Dodge: Dodged            ||   129
       Rpst.: Falchion   ||    49
